Map: Cañón atribulado

Players

Thadux

  • Race: Protoss Protoss
  • League: Platinum
  • Spawn Location: 3:00

squall

  • Race: Terran Terran
  • Spawn Location: 12:00

fercheto

  • Race: Terran Terran
  • League: Silver
  • Spawn Location: 12:00

MrFercho - Winner!

  • Race: Zerg Zerg
  • League: Silver
  • Spawn Location: 6:00

TATORREA - Winner!

  • Race: Protoss Protoss
  • League: Gold
  • Spawn Location: 6:00

tigro - Winner!

  • Race: Terran Terran
  • League: Bronze
  • Spawn Location: 7:00

VOD

Have the link to the VOD?

Description

Time

  • Played on: July 5, 2020, 10:14 p.m.
  • Length: 13:31
Show
View Real Time Build Order
Export as new Build Order

Thadux Protoss 

Build Orders: Oracle Opening, Phoenix Opening 

Get SALT Encoding   

  12  0:01  Probe  
  13  0:20  Pylon  
  13  0:23  Probe  
  14  0:36  Probe  
  14  0:41  Gateway  
  15  0:48  Probe, Assimilator  
  16  1:00  Probe  
  17  1:12  Probe  
  18  1:24  Probe  
  19  1:30  Cybernetics Core  
  19  1:36  Probe  
  20  1:43  Assimilator  
  19  1:48  Probe  
  20  1:55  Pylon  
  20  2:17  Stargate  
  20  2:19  Probe  
  21  2:32  Probe  
  21  2:34  Nexus  
  22  2:44  Probe  
  22  2:50  Oracle  
  26  3:07  Protoss Air Weapons Level 1  
  26  3:10  Probe  
  27  3:22  Pylon  
  27  3:25  Oracle  
  27  3:31  Nexus  
  30  3:42  Probe  
  30  3:46  Pylon  
  31  3:54  Probe, Phoenix  
  32  3:56  Probe  
  33  4:06  Probe  
  33  4:08  Probe  
  33  4:09  Assimilator  
  37  4:12  Assimilator  
  37  4:18  Probe  
  37  4:20  Probe  
  37  4:23  Phoenix  
  41  4:30  Probe  
  42  4:32  Probe  
  43  4:42  Probe  
  43  4:44  Probe  
  45  4:55  Probe  
  46  5:12  Phoenix  
  45  5:23  Probe x2  
  45  5:24  Probe  
  48  5:30  Stargate  
  48  5:31  Probe x2  
  48  5:32  Probe, Stargate  
  48  5:40  Probe, Fleet Beacon  
  51  5:46  Phoenix  
  51  5:48  Protoss Air Armor Level 1  
  54  5:53  Probe x2  
  56  6:10  Phoenix  
  58  6:22  Phoenix  
  60  6:33  Phoenix  
  56  7:01  Phoenix  
  56  7:02  Phoenix x2  
  57  7:26  Probe x3, Phoenix  
  57  7:27  Phoenix x2  
  66  7:38  Probe x3  
  66  7:41  Warp Gate  
  69  7:45  Gateway  
  69  7:46  Gateway  
  69  7:47  Gateway  
  69  7:48  Twilight Council  
  69  7:50  Probe x3  
  72  7:51  Phoenix  
  72  7:52  Phoenix  
  76  8:02  Probe  
  77  8:13  Assimilator  
  77  8:14  Assimilator  
  77  8:16  Pylon  
  77  8:17  Pylon  
  77  8:21  Charge, Pylon  
  77  8:22  Anion Pulse-Crystals, Pylon  
  77  8:24  Pylon  
  77  8:33  Phoenix x3  
  77  8:34  Probe  
  84  8:46  Probe  
  84  8:47  Probe  
  86  8:52  Probe  
  87  8:58  Probe, Phoenix  
  87  8:59  Probe  
  91  9:04  Probe  
  91  9:05  Phoenix x2  
  91  9:07  Nexus  
  96  9:10  Probe  
  96  9:11  Probe  
  98  9:38  Phoenix x3  
  104  9:53  Assimilator  
  104  9:55  Zealot x2  
  104  9:56  Pylon x2, Zealot x2  
  112  10:00  Pylon  
  112  10:01  Assimilator  
  112  10:03  Phoenix x2  
  112  10:04  Gateway  
  112  10:06  Gateway x2  
  116  10:08  Gateway  
  116  10:13  Gateway  
  116  10:14  Phoenix, Gateway  
  118  10:16  Gateway  
  114  11:03  Zealot  
  114  11:04  Zealot x6  
  116  11:13  Zealot  
  116  11:14  Zealot x3  
Show
View Real Time Build Order
Export as new Build Order

squall Terran 

Build Orders: Liberator Opening 

Get SALT Encoding   

  12  0:01  SCV  
  13  0:14  Supply Depot  
  13  0:18  SCV  
  14  0:30  SCV  
  15  0:46  SCV, Barracks  
  16  0:51  Refinery  
  16  0:58  SCV  
  17  1:10  SCV  
  18  1:22  SCV  
  19  1:35  Orbital Command  
  19  1:47  Barracks Reactor, Command Center  
  19  2:01  SCV  
  19  2:04  Supply Depot  
  20  2:12  Factory  
  20  2:13  SCV  
  21  2:20  Refinery  
  21  2:25  SCV  
  21  2:28  Marine x2  
  24  2:42  SCV  
  25  2:54  SCV  
  25  2:55  Supply Depot  
  26  2:59  Factory Tech Lab  
  26  3:01  Orbital Command  
  26  3:07  Starport  
  26  3:09  Marine  
  26  3:10  Marine  
  28  3:28  Hellion  
  28  3:31  Marine x2  
  32  3:39  SCV  
  32  3:40  SCV  
  34  3:46  Liberator  
  37  3:49  Hellion  
  37  3:50  Marine x2  
  37  3:51  SCV  
  42  4:01  Supply Depot  
  42  4:03  SCV  
  42  4:04  SCV  
  42  4:08  Refinery  
  44  4:16  SCV  
  45  4:17  Marine x2  
  45  4:22  Hellion  
  49  4:27  SCV  
  49  4:29  SCV, Liberator  
  54  4:39  Marine x2  
  54  4:43  Hellion  
  54  4:44  SCV  
  59  4:46  SCV  
  59  4:50  Refinery  
  60  4:56  SCV  
  60  4:57  Engineering Bay  
  60  4:58  SCV  
  62  5:17  Supply Depot  
  62  5:23  Armory  
  62  5:38  Marine x2, Liberator  
  62  5:39  SCV x2, Supply Depot  
  62  5:42  Terran Infantry Weapons Level 1  
  69  6:03  Supply Depot  
  66  6:21  Liberator  
  69  6:26  Supply Depot  
  49  7:03  Hellion, Marine x2  
  49  7:07  Starport Tech Lab  
  53  7:12  SCV  
  54  7:21  Marine x2  
  54  7:22  Supply Depot  
  56  7:24  SCV  
  56  7:25  Hellion  
  59  7:31  Raven  
  59  7:36  Terran Ship Weapons Level 1, Terran Infantry Armor Level 1  
  61  7:41  Marine x2  
  63  7:45  Thor  
  63  7:46  Supply Depot  
  63  7:49  Factory  
  69  7:59  Starport, Marine x2  
  71  8:09  Supply Depot  
  71  8:17  Marine x2  
  73  8:21  Command Center  
  73  8:28  Thor  
  79  8:34  Factory  
  79  8:35  Marine  
  79  8:36  Starport  
  79  8:39  Marine  
  81  8:42  Starport Tech Lab  
  81  8:43  Factory Tech Lab  
  81  8:49  Supply Depot  
  81  8:53  Marine  
  82  8:56  Smart Servos  
  82  8:57  Marine  
  82  8:58  Corvid Reactor  
  83  9:09  Thor  
  83  9:10  Marine  
  83  9:11  Thor  
  83  9:12  Supply Depot  
  83  9:15  Marine  
  97  9:28  Marine  
  97  9:30  Terran Vehicle And Ship Armor Level 1, Starport Tech Lab  
  98  9:32  Marine, Factory Tech Lab  
  98  9:35  Supply Depot  
  99  9:51  Refinery  
  99  9:53  Siege Tank  
  99  9:54  Siege Tank  
  99  9:58  Supply Depot  
  105  10:03  Thor x4  
  105  10:15  Planetary Fortress  
  105  10:20  Supply Depot  
  105  10:25  Siege Tank  
  78  10:43  Supply Depot  
  67  11:18  Marine x2  
  69  11:21  Thor  
  69  11:22  Thor  
  69  11:24  Liberator x3  
  90  11:36  Marine x2  
  92  11:54  Marine x2  
  94  12:11  Marine x2  
  96  12:29  Marine x2  
  91  12:47  Marine x2  
Show
View Real Time Build Order
Export as new Build Order

fercheto Terran 

Build Orders:  

Get SALT Encoding   

  12  0:01  SCV  
  13  0:21  SCV  
  13  0:22  Supply Depot  
  14  0:29  Refinery  
  14  0:33  SCV  
  15  0:46  Barracks  
  15  0:51  SCV  
  16  1:13  SCV  
  17  1:25  SCV  
  18  1:37  Barracks  
  18  1:38  Barracks Reactor  
  18  1:40  Orbital Command  
  18  2:09  SCV  
  18  2:15  Marine x2  
  20  2:21  SCV  
  23  2:34  Marine  
  23  2:35  Barracks Tech Lab  
  23  2:54  Factory  
  23  2:55  Stimpack  
  23  3:12  Supply Depot  
  23  3:22  Refinery  
  23  3:25  Command Center  
  23  3:33  SCV, Marine x3  
  27  3:42  Factory Reactor  
  27  3:43  Supply Depot  
  27  3:51  Marine x3  
  27  3:54  Starport  
  30  4:01  SCV  
  31  4:09  Marine  
  32  4:10  Supply Depot  
  32  4:17  Marine x2  
  32  4:18  Engineering Bay  
  34  4:26  Marine  
  35  4:33  SCV  
  35  4:34  Marine x2  
  38  4:41  Orbital Command  
  38  4:44  Marine  
  38  4:45  SCV  
  40  4:52  Marine x2  
  41  4:57  SCV  
  41  4:58  Starport Tech Lab  
  43  5:02  Marine  
  44  5:07  Terran Infantry Weapons Level 1  
  44  5:09  SCV  
  44  5:21  SCV  
  45  5:31  Marine x3  
  48  5:36  Cloaking Field  
  48  5:38  Medivac  
  50  5:49  Marine x3  
  53  6:07  Marine x3  
  53  6:08  Medivac  
  58  6:24  Marine  
  58  6:25  Marine x2  
  60  6:43  Marine  
  40  7:08  Marine  
  40  7:09  Marine x2  
  43  7:26  Marine x2  
  43  7:27  Marine  
  46  7:33  Medivac  
  48  7:44  Marine x3  
  51  8:02  Marine x3  
  51  8:03  Banshee  
  51  8:05  SCV x2  
  59  8:07  Starport  
  59  8:08  Terran Infantry Armor Level 1  
  59  8:17  SCV x2  
  61  8:20  Marine  
  61  8:21  Refinery  
  62  8:27  Supply Depot  
  62  8:28  Supply Depot  
  62  8:34  Armory  
  62  8:44  Sensor Tower  
  62  8:49  SCV x2, Marine x3, Banshee  
  70  9:01  SCV x2  
  72  9:04  Widow Mine x2  
  72  9:07  Marine x2  
  78  9:23  Supply Depot  
  78  9:27  Supply Depot, Marine  
  78  9:34  Marine  
  78  9:35  Marine  
  78  9:37  Widow Mine x2  
  78  9:38  Banshee  
  76  9:45  Marine  
  66  9:52  Marine  
  67  9:53  Marine  
  67  9:58  Widow Mine  
  67  9:59  Widow Mine  
  73  10:03  Marine  
  74  10:10  Marine  
  74  10:11  Marine  
  76  10:20  Widow Mine x2  
  76  10:21  Marine, Banshee  
  80  10:28  Marine  
  76  11:56  Marine x2  
  76  11:57  Marine  
  79  12:14  Marine x3  
  82  12:32  Marine x3  
  78  12:50  Marine x3  
  58  13:08  Marine  
Show
View Real Time Build Order
Export as new Build Order

MrFercho Zerg - Winner!

Build Orders: Hatch First 

Get SALT Encoding   

  12  0:01  Drone  
  13  0:18  Overlord  
  13  0:19  Drone  
  14  0:36  Drone x2  
  14  0:40  Drone  
  17  0:52  Drone  
  18  1:08  Hatchery  
  17  1:13  Spawning Pool  
  16  1:19  Drone x2  
  16  1:23  Drone  
  19  1:33  Drone  
  20  1:49  Extractor  
  19  1:57  Drone x2  
  21  2:05  Overlord  
  21  2:19  Queen, Drone  
  21  2:20  Drone  
  25  2:28  Overlord  
  25  2:29  Queen  
  27  2:30  Drone  
  27  2:35  Extractor  
  27  2:49  Metabolic Boost  
  27  2:51  Drone x3  
  30  2:53  Drone  
  31  3:01  Drone  
  31  3:03  Drone  
  33  3:11  Drone  
  34  3:13  Drone  
  35  3:20  Drone  
  35  3:24  Drone  
  37  3:35  Drone x3  
  37  3:36  Hatchery  
  39  3:45  Drone x5  
  44  3:55  Evolution Chamber  
  43  3:58  Extractor  
  43  4:00  Extractor  
  43  4:02  Evolution Chamber  
  40  4:03  Drone x2  
  40  4:04  Overlord  
  43  4:17  Zergling x4  
  43  4:19  Overlord x2  
  43  4:20  Overlord x3  
  44  4:25  Drone  
  44  4:28  Zergling x2  
  46  4:32  Zerg Missile Weapons Level 1  
  46  4:33  Zerg Melee Weapons Level 1  
  46  4:42  Spore Crawler  
  45  4:45  Spore Crawler  
  45  4:50  Spore Crawler  
  35  4:53  Spore Crawler  
  35  4:54  Drone x7  
  36  5:06  Spore Crawler  
  35  5:12  Drone x6  
  41  5:22  Drone x2  
  43  5:30  Queen  
  45  5:41  Drone  
  45  5:42  Drone x4  
  50  5:50  Lair  
  50  5:53  Drone  
  50  5:54  Drone  
  52  6:02  Drone x2  
  52  6:03  Drone  
  55  6:20  Zergling x16  
  61  6:28  Drone x4  
  59  7:17  Drone x20  
  79  7:23  Extractor  
  79  7:26  Extractor  
  77  7:48  Hatchery  
  77  7:50  Hydralisk Den  
  75  8:00  Spore Crawler, Drone  
  75  8:02  Overlord  
  75  8:03  Overlord x8  
  75  8:22  Muscular Augments  
  75  8:25  Zerg Missile Weapons Level 2, Zerg Melee Weapons Level 2  
  75  8:31  Drone  
  75  8:32  Evolution Chamber  
  75  8:41  Hydralisk x8  
  75  8:43  Nydus Network  
  90  8:56  Spire  
  89  9:19  Hydralisk x20  
  129  9:27  Hydralisk x3  
  135  9:33  Grooved Spines  
  135  9:35  Queen  
  135  9:36  Overlord x2  
  135  9:37  Overlord x2  
  137  9:41  Hydralisk x4  
  145  9:51  Overlord x3  
  145  9:52  Overlord  
  145  9:53  Hydralisk  
  147  10:11  Drone x12  
  147  10:12  Drone  
  160  10:40  Nydus Canal  
  160  10:43  Hydralisk  
  160  10:44  Hydralisk x14  
  190  11:22  Hydralisk  
  190  11:23  Hydralisk x4  
  196  11:36  Hydralisk  
  196  11:37  Hydralisk  
  200  11:59  Infestation Pit  
  198  12:22  Overseer  
  156  13:05  Hydralisk x13  
  154  13:06  Hydralisk x8  
Show
View Real Time Build Order
Export as new Build Order

TATORREA Protoss - Winner!

Build Orders:  

Get SALT Encoding   

  13  0:12  Probe  
  13  0:24  Probe  
  14  0:29  Pylon  
  14  0:36  Probe  
  14  0:37  Assimilator  
  15  0:45  Probe  
  15  0:48  Gateway  
  16  0:53  Probe  
  16  1:02  Probe  
  18  1:15  Probe  
  19  1:28  Probe  
  20  1:41  Probe  
  21  1:50  Assimilator  
  21  1:53  Probe  
  22  2:06  Nexus  
  22  2:11  Pylon  
  22  2:17  Probe  
  23  2:27  Cybernetics Core  
  23  2:29  Gateway  
  24  2:30  Probe  
  24  2:39  Probe  
  24  2:42  Pylon  
  25  2:47  Probe  
  26  2:56  Probe  
  26  3:03  Warp Gate  
  26  3:04  Stalker  
  29  3:08  Probe  
  30  3:16  Robotics Facility  
  30  3:19  Stargate  
  30  3:20  Probe  
  30  3:22  Probe  
  32  3:28  Sentry  
  34  3:38  Stalker  
  36  3:43  Probe  
  36  3:45  Probe  
  38  3:56  Stalker  
  38  3:57  Probe  
  38  3:58  Probe  
  42  4:04  Immortal  
  46  4:18  Void Ray  
  46  4:19  Probe  
  46  4:20  Probe  
  52  4:30  Assimilator  
  52  4:32  Probe x2  
  52  4:35  Assimilator  
  54  5:26  Pylon  
  54  5:32  Pylon  
  54  5:33  Nexus  
  54  5:41  Nexus  
  54  5:44  Probe x2, Pylon, Observer  
  54  5:47  Pylon  
  57  5:50  Pylon  
  57  5:52  Probe x2, Pylon  
  57  5:55  Pylon  
  59  5:59  Pylon  
  59  6:00  Probe x2, Pylon  
  59  6:03  Pylon  
  59  6:07  Pylon  
  59  6:08  Void Ray  
  59  6:10  Probe x2  
  59  6:11  Stalker x2  
  71  6:26  Immortal  
  71  6:31  Probe  
  77  6:32  Probe  
  77  6:43  Probe  
  77  6:45  Probe  
  79  6:51  Void Ray  
  83  6:56  Probe  
  80  7:12  Probe  
  80  7:13  Probe x3  
  84  7:22  Stalker  
  84  7:23  Stalker  
  84  7:24  Probe  
  84  7:25  Probe x2  
  84  7:26  Immortal  
  95  7:30  Probe  
  95  7:34  Void Ray  
  95  7:35  Assimilator  
  95  7:37  Probe  
  101  7:39  Assimilator  
  101  7:46  Probe x2, Gateway  
  101  7:47  Probe  
  101  7:49  Probe, Gateway  
  105  7:51  Gateway  
  105  7:54  Stalker, Gateway  
  105  7:58  Probe, Gateway  
  107  7:59  Probe  
  109  8:13  Probe x3  
  109  8:14  Probe  
  113  8:30  Forge  
  113  8:32  Stargate, Forge  
  113  8:34  Forge  
  113  8:35  Fleet Beacon, Stargate  
  113  8:38  Twilight Council  
  113  8:40  Probe x4  
  117  8:43  Assimilator  
  117  8:46  Stalker  
  117  8:47  Stalker x3, Assimilator  
  125  8:50  Void Ray  
  129  9:06  Protoss Shields Level 1, Protoss Ground Armor Level 1, Protoss Ground Weapons Level 1  
  129  9:07  Gateway  
  129  9:09  Gateway  
  129  9:12  Gateway  
  129  9:15  Gateway  
  129  9:18  Stalker x3, Pylon  
  129  9:21  Pylon  
  135  9:27  Pylon  
  135  9:30  Flux Vanes  
  135  9:35  Protoss Air Weapons Level 1  
  135  9:36  Void Ray x2  
  143  9:58  Probe x2  
  143  9:59  Probe  
  146  10:09  Blink  
  146  10:12  Stalker x3  
  146  10:13  Stalker x3  
  146  10:14  Stalker x2  
  160  10:15  Stalker x3  
  168  10:26  Void Ray  
  168  10:27  Void Ray x2  
  180  10:32  Immortal  
  107  11:06  Stalker  
  107  11:07  Stalker x3  
  107  11:08  Stalker x3  
  107  11:14  Stalker  
  107  11:15  Stalker x3  
  115  11:24  Void Ray x2  
  115  11:25  Void Ray  
  127  11:29  Immortal  
  131  11:49  Stalker x2  
  131  11:50  Stalker  
  137  12:09  Observer  
  137  12:14  Stalker x4  
  137  12:15  Stalker x4  
  154  12:24  Void Ray  
  158  12:37  Nexus  
  158  12:40  Pylon  
  158  12:41  Void Ray x2, Assimilator  
  158  12:42  Assimilator  
  158  12:43  Pylon  
  166  12:44  Stalker  
  166  12:45  Stalker  
  166  12:47  Stalker  
  166  12:50  Stalker  
  174  12:56  Stalker  
  174  12:57  Stalker  
  182  13:12  Stalker  
  182  13:13  Stalker x2  
  182  13:14  Stalker x3  
  182  13:15  Stalker  
Show
View Real Time Build Order
Export as new Build Order

tigro Terran - Winner!

Build Orders:  

Get SALT Encoding   

  12  0:03  SCV  
  13  0:15  SCV  
  14  0:21  Supply Depot  
  14  0:27  SCV  
  15  0:36  Refinery  
  15  0:43  SCV  
  16  0:50  Barracks  
  16  0:55  SCV  
  17  1:02  Refinery  
  17  1:07  SCV  
  18  1:29  Supply Depot  
  18  1:39  Marine  
  19  1:45  Barracks  
  19  1:57  Marine  
  20  2:01  Factory  
  20  2:08  SCV  
  20  2:14  Marine  
  22  2:20  SCV  
  23  2:32  SCV, Marine  
  23  2:36  Barracks Reactor  
  25  2:45  SCV  
  25  2:47  Factory Tech Lab  
  25  2:50  Engineering Bay, Marine  
  27  2:57  SCV  
  28  3:16  Orbital Command  
  28  3:21  Starport  
  28  3:25  Siege Tank  
  31  3:27  Barracks Tech Lab  
  31  3:51  Marine x2  
  33  3:58  Starport  
  33  4:03  Missile Turret  
  33  4:09  Marine x2  
  35  4:26  Missile Turret  
  35  4:27  Marine  
  36  4:32  Siege Tank  
  39  5:24  Starport Tech Lab  
  39  5:33  Combat Shield  
  39  5:34  Medivac  
  39  5:35  Siege Tank  
  44  5:37  Terran Infantry Weapons Level 1  
  44  5:57  Command Center  
  30  6:21  Marine x3  
  33  6:25  Starport Tech Lab  
  33  6:38  Marine  
  33  6:39  Marine x2  
  34  6:52  Stimpack  
  31  6:56  Marine x3  
  32  7:14  Marine x3  
  35  7:25  Command Center  
  35  7:31  Terran Infantry Armor Level 1  
  35  7:32  Marine x3  
  38  7:50  Marine x3  
  41  7:52  Refinery  
  41  7:54  Fusion Core  
  41  8:07  Marine  
  41  8:08  Marine x2  
  44  8:17  Medivac  
  46  8:25  Marine  
  47  8:36  Marine x2  
  47  8:38  Refinery  
  49  8:42  Weapon Refit  
  49  8:43  Marine  
  49  8:45  Armory  
  50  8:54  Marine x2  
  52  8:57  SCV  
  52  9:01  Marine  
  54  9:10  SCV  
  55  9:23  SCV  
  56  9:35  SCV  
  53  9:47  Marine  
  53  9:48  Marine x2  
  53  9:52  Terran Infantry Weapons Level 2  
  56  9:59  SCV  
  57  10:05  Marine  
  57  10:06  Marine x2  
  60  10:11  SCV  
  61  10:17  Supply Depot  
  61  10:23  Marine, Rapid Reignition System  
  62  10:37  SCV, Marine x2  
  62  10:41  Supply Depot, Marine  
  42  10:49  SCV  
  40  10:54  Marine x2  
  42  10:58  Medivac x2  
  42  10:59  Marine  
  42  11:03  Supply Depot  
  42  11:04  Thor  
  50  11:12  Marine x2  
  50  11:17  Marine  
  53  11:30  Marine x2  
  55  11:34  Marine  
  56  11:46  Thor  
  62  11:48  Marine x2  
  62  11:52  Marine  
  65  12:04  SCV  
  65  12:06  Marine x2  
  68  12:10  Marine  
  69  12:17  SCV  
  70  12:29  SCV, Marine x3  
  74  12:47  Marine x3  
  77  13:05  Marine x3  
Tags
 
Add a new tag
Caveats
  • Supply blocks, unpowered buildings, or Contaminate may cause inaccurate times.
  • Supply counts are checked every 10 seconds.